 Dungeon Crawl Stone Soup version 0.22-a0-271-gc000056 (webtiles) character file.

5800 neds the Grappler (level 10, -1/91 HPs)
             Began as a Troll Hunter on Mar 10, 2018.
             Was a Priest of Wu Jian.
             Slain by a slime creature (20 damage)
             ... on level 9 of the Dungeon.
             The game lasted 00:50:09 (9106 turns).

neds the Grappler (Troll Hunter)                    Turns: 9106, Time: 00:50:10

Health: -1/91      AC:  5    Str: 22    XL:     10   Next: 50%
Magic:  9/9        EV: 10    Int:  7    God:    Wu Jian [***...]
Gold:   432        SH:  0    Dex: 13    Spells: 9/9 levels left

rFire    . . .     SeeInvis .     - Unarmed
rCold    . . .     Gourm    +   (no shield)
rNeg     . . .     Faith    .   b - +0 robe
rPois    +         Spirit   .   (helmet restricted)
rElec    .         Reflect  .   (no cloak)
rCorr    .         Harm     .   (gloves unavailable)
MR       +....                  (boots unavailable)
Stlth    +.........             (no amulet)
HPRegen  0.65/turn              o - ring of protection from magic
MPRegen  0.11/turn              w - ring of poison resistance

@: no status effects
A: large, unfitting armour, claws 3, fast metabolism 3, gourmand, regeneration
1, shaggy fur 1, tough skin 2
a: Wall Jump, Serpent's Lash, Renounce Religion


You were on level 9 of the Dungeon.
You worshipped Wu Jian.
Wu Jian was most pleased with you.
You were very full.

You visited 2 branches of the dungeon, and saw 10 of its levels.
You also visited: Ossuary.

You collected 432 gold pieces.

Inventory:

Hand Weapons
 a - a +0 short sword
Missiles
 d - a throwing net
 F - a large rock (quivered)
Armour
 b - a +0 robe (worn)
 t - a +0 animal skin
 E - a +0 cloak
Jewellery
 o - a ring of protection from magic (left claw)
 p - an uncursed ring of fire
 w - a ring of poison resistance (right claw)
 A - an uncursed ring of fire
Wands
 c - a wand of polymorph (10)
 q - a wand of digging (7)
 y - a wand of random effects (53)
 C - a wand of paralysis (45)
Scrolls
 e - a scroll of teleportation
 h - 2 scrolls of immolation
 i - 6 scrolls of remove curse
 j - a scroll of noise {unknown}
 m - a scroll of fog
 s - 4 scrolls of enchant weapon
 u - 2 scrolls of holy word {unknown}
 B - a scroll of amnesia
 D - 2 scrolls of identify
 G - a scroll of blinking
Potions
 g - a potion of brilliance {unknown}
 k - a potion of resistance {unknown}
 l - 2 potions of might
 n - 3 potions of flight
 r - 4 potions of curing
 v - 2 potions of haste {unknown}
 x - a potion of invisibility {unknown}
 z - a potion of berserk rage {unknown}
Comestibles
 f - 12 rations


   Skills:
 + Level 3.1 Fighting
 - Level 4.3 Throwing
 - Level 1.5 Dodging
 - Level 0.3 Stealth
 + Level 14.4 Unarmed Combat


You had 9 spell levels left.
You didn't know any spells.

Dungeon Overview and Level Annotations

Branches:
Dungeon (9/15)             Temple (1/1) D:4            Lair (0/6) D:8
    Orc: D:9-12

Altars:
Ashenzari
Cheibriados
Dithmenos
Elyvilon
Fedhas
Gozag
Hepliaklqana
Kikubaaqudgha
Makhleb
Nemelex Xobeh
Okawaru
Qazlal
Ru
Sif Muna
Trog
Uskayaw
Vehumet
Wu Jian
Xom
Yredelemnul
Zin
The Shining One

Annotations:
D:9 Maurice


Innate Abilities, Weirdness & Mutations

You are too large for most types of armour.
You have claws for hands.
Your metabolism is lightning-fast.
You like to eat raw meat.
Your natural rate of healing is unusually fast.
You are covered in fur. (AC +1)
You have very tough skin. (AC +2)


Message History

You kill the slime creature!
The Council accepts your kill.
Your Fighting skill increases to level 3!
You spin and attack the slime creature.
You claw the slime creature!
The slime creature is moderately wounded.
The slime creature hits you!!
* * * LOW HITPOINT WARNING * * *
Throwing (i - inventory. (/) - cycle)
F - 2 large rocks (quivered)
Press: ? - help, Shift-Dir - straight line, f - slime creature
Aim: a slime creature (lightly wounded)
You throw a large rock.
The large rock hits the slime creature!!
The slime creature is heavily wounded.
The slime creature hits you!
* * * LOW HITPOINT WARNING * * *
You feel better. The slime creature closely misses you.
You spin and attack the slime creature.
You scratch the slime creature.
The slime creature is heavily wounded.
The slime creature hits you!!
You die...

####.....##!...J.
.................
###....#..##....
#......## .
#####.##.#
#...(.##.#
#.<..J...#
#.§§J..###...
#§§..@.......
#.P§§.§§..###...
##8§§P§..##
#§§P§.§...
#P§§....###
..§.....#
..§..h.# .......#


You could see 2 slime creatures and a hound (wandering).

Vanquished Creatures
  A two-headed ogre (D:8)
  A death yak (D:8)
  An unseen horror (D:8)
  A hippogriff (D:6)
  2 slime creatures
  A wyvern (D:8)
  A spriggan (D:8)
  Eustachio (D:6)
  A water moccasin (D:8)
  An ice beast (D:5)
  An orc warrior (D:7)
  2 sky beasts
  A phantom (D:8)
  An ogre (D:8)
  3 centaurs
  2 necrophages
  An elf zombie (D:7)
  2 bullfrogs (D:6)
  An elf skeleton (D:7)
  7 scorpions
  A water moccasin skeleton (D:9)
  9 wights
  4 crimson imps
  A centaur zombie (D:9)
  A jelly (D:5)
  2 human zombies (D:7)
  3 orc priests
  4 worker ants
  Terence (D:3)
  2 human skeletons (D:7)
  3 iguanas
  4 orc wizards
  A killer bee zombie (D:5)
  A hound zombie (Ossuary)
  A mummy (D:7)
  Robin (D:3)
  5 gnolls
  12 adders
  2 shadow imps
  An ooze (D:1)
  2 adder zombies
  4 worms
  3 dart slugs
  3 leopard geckos
  16 orcs
  2 ball pythons
  8 giant cockroaches
  15 goblins
  11 hobgoblins
  6 jackals
  A quokka (D:2)
  8 bats
  6 frilled lizards
  A giant cockroach zombie (D:5)
  A goblin zombie (Ossuary)
  7 kobolds
  A leopard gecko zombie (D:7)
  A quokka skeleton (D:7)
  4 rats
  A plant (D:4)
192 creatures vanquished.

Notes
Turn   | Place    | Note
-------+----------+-------------------------------------------
     0 | D:1      | neds the Troll Hunter began the quest for the Orb.
     0 | D:1      | Reached XP level 1. HP: 19/19 MP: 0/0
   118 | D:1      | Reached skill level 1 in Unarmed Combat
   120 | D:1      | Reached XP level 2. HP: 15/27 MP: 1/1
   452 | D:1      | Reached XP level 3. HP: 33/33 MP: 2/2
  1004 | D:2      | Reached skill level 2 in Unarmed Combat
  1255 | D:2      | Reached XP level 4. HP: 41/41 MP: 3/3
  1697 | D:3      | Reached skill level 3 in Unarmed Combat
  1877 | D:3      | Noticed Robin
  2030 | D:3      | Killed Robin
  2067 | D:3      | Reached XP level 5. HP: 48/48 MP: 4/4
  2125 | D:3      | Reached skill level 4 in Unarmed Combat
  2651 | D:3      | Noticed Terence
  2653 | D:3      | Killed Terence
  2799 | D:4      | Found a snail-covered altar of Cheibriados.
  2853 | D:4      | Found a shattered altar of Ashenzari.
  2905 | D:4      | Found a staircase to the Ecumenical Temple.
  2928 | D:4      | Reached skill level 5 in Unarmed Combat
  2961 | D:4      | Reached XP level 6. HP: 35/55 MP: 5/5
  3029 | Temple   | Entered the Ecumenical Temple
  3187 | Temple   | Became a worshipper of the Wu Jian Council
  3321 | D:4      | Noticed a sky beast
  3351 | Temple   | Killed a sky beast
  3351 | Temple   | Reached skill level 6 in Unarmed Combat
  3456 | D:4      | Found a shadowy altar of Dithmenos.
  3857 | D:5      | Entered Level 5 of the Dungeon
  3996 | D:5      | Reached skill level 7 in Unarmed Combat
  3996 | D:5      | Reached XP level 7. HP: 37/62 MP: 6/6
  4329 | D:5      | Found a bloodstained altar of Trog.
  4522 | D:5      | Reached * piety under Wu Jian
  4626 | D:5      | Reached skill level 8 in Unarmed Combat
  5289 | D:5      | You fall through a shaft for 3 floors!
  5289 | D:8      | Found a staircase to the Lair.
  5289 | D:8      | Noticed a death yak
  5289 | D:8      | Noticed a death yak
  5289 | D:8      | Noticed a death yak
  5289 | D:8      | Noticed a death yak
  5291 | D:8      | Noticed a death yak
  5379 | D:7      | Reached XP level 8. HP: 70/70 MP: 7/7
  5487 | D:7      | Reached skill level 9 in Unarmed Combat
  5496 | D:7      | Found a sand-covered staircase.
  5524 | Ossuary  | Entered an ossuary
  5761 | D:6      | Noticed a hippogriff
  5763 | D:6      | Killed a hippogriff
  5763 | D:6      | Reached skill level 10 in Unarmed Combat
  5815 | D:6      | Noticed Eustachio
  5833 | D:6      | Killed Eustachio
  6095 | D:6      | Reached skill level 11 in Unarmed Combat
  6234 | D:6      | Found a hide-covered altar of Uskayaw.
  6236 | D:6      | Found a hazy altar of Hepliaklqana.
  6541 | D:7      | Reached XP level 9. HP: 68/76 MP: 8/8
  6691 | D:7      | Reached ** piety under Wu Jian
  7278 | D:7      | Reached skill level 12 in Unarmed Combat
  8157 | D:8      | Noticed a two-headed ogre
  8170 | D:8      | Killed a two-headed ogre
  8170 | D:8      | Reached skill level 13 in Unarmed Combat
  8264 | D:8      | Reached XP level 10. HP: 85/85 MP: 9/9
  8324 | D:8      | Killed a death yak
  8482 | D:9      | Noticed Maurice
  8587 | D:9      | Reached skill level 14 in Unarmed Combat
  8983 | D:8      | Killed an unseen horror
  9071 | D:9      | Reached *** piety under Wu Jian
  9106 | D:9      | Slain by a slime creature

Vault maps used:
D:1:      lemuel_arrival_funnel
D:2:      hangedman_abyss_or_decor_lesser_grid
D:3:      first_ration, uniq_robin, uniq_terence
D:4:      nicolae_ashenzari_panopticon, nicolae_dithmenos_the_darkroom,
          cheibriados_altar_1, minmay_temple_entry_overgrown,
          nicolae_underground_beach
D:5:      lightli_temple_of_fire, kennysheep_generic_room_5
D:6:      chequers_temple_overflow_statue_of_worship, uniq_eustachio
D:7:      nicolae_ossuary_entry_catacombs
D:8:      dpeg_lair_monsters, the_bakery
D:9:      serial_undead, serial_undead_e, serial_undead_d, serial_undead_e,
          serial_undead_e, corexii_corridor_pit, uniq_psyche, uniq_maurice
Temple:   regret_index_temple_sphere_string
Ossuary:  ossuary_minmay_tomb_2a

Skill      XL: |  1  2  3  4  5  6  7  8  9 10 |
---------------+-------------------------------+-----
Unarmed Combat | 1 2 3 5 7 8 11 13 14 | 14.4
Throwing       | 4 |  4.3
Fighting       | 3 |  3.1
Dodging        | |  1.5
Stealth        | |  0.3

Action                   |  1- 3 |  4- 6 |  7- 9 | 10-12 || total
-------------------------+-------+-------+-------+-------++-------
Melee: Unarmed           |    89 |   186 |   229 |    47 ||   551
       Punch             |       |     4 |    16 |     2 ||    22
Throw: Large rock        |     1 |    14 |    43 |     3 ||    61
       Throwing net      |       |       |     3 |     1 ||     4
Invok: Lunge             |       |     4 |    14 |     5 ||    23
       Wall Jump         |       |       |     9 |     4 ||    13
       Whirlwind         |       |       |     4 |     9 ||    13
  Use: Scroll            |       |     2 |    13 |     1 ||    16
       Potion            |       |       |       |     1 ||     1
 Stab: Sleeping          |     1 |     1 |     1 |       ||     3
       Held in net/web   |       |       |     1 |       ||     1
       Distracted        |       |       |       |     1 ||     1
  Eat: Chunk             |    14 |    27 |    29 |     7 ||    77
       Ration            |       |       |     1 |     2 ||     3
Armor: Robe              |    40 |    53 |    59 |    21 ||   173
Dodge: Dodged            |    37 |    92 |   104 |    19 ||   252

Table legend:
 A = Spawn XP
 B = Non-spawn XP
 C = Spawn XP percentage of total XP
 D = Spawn monster count
 E = Non-spawn monster count
 F = Spawn count percentage of total count
 G = Total turns spent on level
                    A         B        C        D         E        F      G
               +---------+---------+-------+---------+---------+-------+---------
         Total |       0 |    8286 |   0.0 |       0 |     191 |   0.0 |  9106
               +---------+---------+-------+---------+---------+-------+---------
           D:1 |       0 |      43 |   0.0 |       0 |      21 |   0.0 |   734
           D:2 |       0 |      82 |   0.0 |       0 |      24 |   0.0 |  1002
           D:3 |       0 |     153 |   0.0 |       0 |      30 |   0.0 |  1043
           D:4 |       0 |     244 |   0.0 |       0 |      16 |   0.0 |   870
           D:5 |       0 |     511 |   0.0 |       0 |      21 |   0.0 |  1225
           D:6 |       0 |     929 |   0.0 |       0 |      10 |   0.0 |   952
           D:7 |       0 |    1291 |   0.0 |       0 |      29 |   0.0 |  1396
           D:8 |       0 |    4329 |   0.0 |       0 |      30 |   0.0 |  1549
           D:9 |       0 |     552 |   0.0 |       0 |       6 |   0.0 |    52
        Temple |       0 |     124 |   0.0 |       0 |       1 |   0.0 |   263
       Ossuary |       0 |      28 |   0.0 |       0 |       3 |   0.0 |    20
               +---------+---------+-------+---------+---------+-------+---------
